 Dungeon Crawl Stone Soup version 0.31-a0-145-g046c7d2549 (webtiles) character file.

Game seed: 892670672012157347

2359 Armakuni the Spear-Bearer (level 9, -4/102 HPs)
             Began as a Human Delver on June 6, 2023.
             Was a Believer of the Shining One.
             Slain by a mummy (12 damage)
             ... in an ossuary.
             The game lasted 00:20:55 (6555 turns).

Armakuni the Spear-Bearer (Human Delver)            Turns: 6555, Time: 00:20:56

Health: -4/102     AC: 24    Str: 24    XL:     9   Next: 72%
Magic:  9/9        EV:  2    Int: 10    God:    the Shining One [**....]
Gold:   343        SH:  0    Dex: 21    Spells: 6/8 levels left

rFire   x . .        a - +2 scythe (heavy)
rCold   + . .        (shield currently unavailable)
rNeg    + . .        q - melded +0 ring mail
rPois   +            y - melded +0 helmet
rElec   .            d - melded +2 cloak
rCorr   .            (gloves currently unavailable)
SInv    +            s - melded +0 pair of boots
Will    +....        (no amulet)
Stlth   +            V - ring "Zamehen" {Ice Drain Will+ Str+7 SInv Stlth-}
HPRegen 0.37/turn    D - +6 ring of dexterity
MPRegen 0.11/turn

%: no passive effects
@: tree-form (expiring), glowing, studying Conjurations
A: stationary, stasis, torment immunity, boosted hp, (large bone plates 1), no
potion heal 1
a: Renounce Religion, Divine Shield


You were in an ossuary.
You worshipped the Shining One.
The Shining One was pleased with you.
You were a tree.
You visited 2 branches of the dungeon, and saw 9 of its levels.
You also visited: Sewer and Ossuary.

You collected 343 gold pieces.

Inventory:

Hand Weapons
 a - a +2 heavy scythe (weapon)
 b - a +0 war axe of venom
Missiles
 h - 7 boomerangs
 o - 13 poisoned darts (quivered)
Armour
 d - a +2 cloak (melded)
 q - a +0 ring mail (melded)
 s - a +0 pair of boots (melded)
 y - a +0 helmet (melded)
Jewellery
 D - a +6 ring of dexterity (right branch)
 K - a ring of resist corrosion
 L - a ring of flight
 V - the ring "Zamehen" (left branch) {Ice Drain Will+ Str+7 SInv Stlth-}
   (You acquired it in a sewer)

   [ring of ice]

   It enhances your ice magic.
   Str:       It affects your strength (+7).
   rF:        It makes you vulnerable to fire.
   rC:        It protects you from cold.
   SInv:      It lets you see invisible.
   Drain:     It drains your maximum health when unequipped.
   Will:      It increases your willpower.
   Stlth:     It makes you less stealthy.
Wands
 j - a wand of mindburst (14)
 k - a wand of digging (1)
 r - a wand of polymorph (7)
Scrolls
 c - 3 scrolls of fog
 i - 2 scrolls of teleportation
 n - 2 scrolls of amnesia
 t - 2 scrolls of immolation
 u - 3 scrolls of identify
Potions
 e - a potion of enlightenment
 f - a potion of haste
 l - 3 potions of curing
 p - 4 potions of mutation
 v - a potion of attraction {unknown}
 z - a potion of brilliance {unknown}
Miscellaneous
 x - a piece from Xom's chessboard (15/15)


   Skills:
 - Level 5.0 Fighting
 - Level 5.0 Maces & Flails
 - Level 9.1 Polearms
 + Level 3.6 Armour
 + Level 4.3 Dodging
 - Level 5.0 Stealth


You had 6 spell levels left.
You knew the following spells:

 Your Spells              Type           Power      Damage    Failure   Level
b - Blink                 Tloc           0%         N/A       50%         2

Your spell library contained the following spells:

 Spells                   Type           Power      Damage    Failure   Level
 Apportation              Tloc           0%         N/A       36%         1
 Necrotise                Necr           0%         1d4       36%         1
 Summon Small Mammal      Summ           0%         N/A       36%         1
 Lesser Beckoning         Tloc           0%         N/A       50%         2
 Momentum Strike          Conj/Tloc      0%         3d8       50%         2


Dungeon Overview and Level Annotations

Branches:
Dungeon (8/15)             Temple (1/1) D:5           Sewer (visited)
Ossuary (1/1)
   Lair: D:8-11

Altars:
Ashenzari
Cheibriados
Dithmenos
Elyvilon
Fedhas
Gozag
Kikubaaqudgha
Makhleb
Nemelex Xobeh
Okawaru
Qazlal
Ru
Sif Muna
Vehumet
Wu Jian
Xom
Yredelemnul
Zin
The Shining One


Innate Abilities, Weirdness & Mutations

You are a tree.
Your roots penetrate the ground, keeping you stationary.
You cannot be teleported.
You are immune to unholy pain and torment.
Your maximum health is greatly increased.
Your equipment is partially melded.
((You are partially covered in large bone plates. (SH +4)))
Potions are less effective at restoring your health.


Message History

The human zombie hits you but does no damage.
You puncture the hound zombie!
The hound zombie is almost destroyed.
The hound zombie bites you but does no damage. x2
The gnoll zombie hits you but does no damage.
The human zombie hits you but does no damage.
You carve the hound zombie like a ham!!!
You destroy the hound zombie!
The Shining One accepts your kill.
The gnoll zombie hits you but does no damage.
The human zombie hits you but does no damage.
You slash the mummy!
The mummy is heavily damaged.
The gnoll zombie hits you but does no damage.
The human zombie hits you.
* * * LOW HITPOINT WARNING * * *
The mummy hits you.
* * * LOW HITPOINT WARNING * * *
The gnoll zombie hits you but does no damage.
You impale the mummy!!
You destroy the mummy!
The Shining One accepts your kill.
You feel better. The human zombie hits you.
* * * LOW HITPOINT WARNING * * *
The gnoll zombie hits you.
* * * LOW HITPOINT WARNING * * *
You slash the mummy!
The mummy is moderately damaged.
Your transformation is almost over.
The human zombie hits you but does no damage.
The gnoll zombie hits you but does no damage.
The mummy hits you but does no damage. The human zombie barely misses you.
You hit the mummy.
The mummy is heavily damaged.
The gnoll zombie hits you.
* * * LOW HITPOINT WARNING * * *
The human zombie hits you.
* * * LOW HITPOINT WARNING * * *
The mummy hits you!
You die...

...............
...............
...............
...............
...............
...............
........Z......
.......♣Z......
.......∩M......
...............
...............
...............
...............
...............
...............
...............


You could see a mummy, a gnoll zombie and a human zombie.

Vanquished Creatures
  A hornet (D:8)
  Sigmund (D:3)
  A steam dragon (D:6)
  Edmund (D:6)
  2 sky beasts (D:6)
  An ice beast (D:7)
  2 centaurs
  A phantom (D:6)
  A kobold brigand (Sewer)
  A gnoll sergeant (D:7)
  2 scorpions (D:6)
  A howler monkey (D:5)
  2 human zombies (Ossuary)
  2 jellies (D:6)
  2 gnoll boudas
  2 orc priests
  3 hounds (D:6)
  5 iguanas
  3 orc wizards
  A hound zombie (Ossuary)
  A mummy (Ossuary)
  Robin (D:2)
  11 gnolls
  12 adders
  A river rat (D:3)
  A shadow imp (D:7)
  A white imp (D:6)
  An ufetubus (D:6)
  5 worms
  3 dart slugs
  17 orcs
  12 ball pythons
  7 bats
  4 endoplasms
  4 giant cockroaches
  16 goblins
  8 hobgoblins
  6 quokkas
  7 frilled lizards
  A gnoll zombie (Ossuary)
  2 goblin zombies (Ossuary)
  A jackal zombie (Ossuary)
  19 kobolds
  A kobold zombie (Ossuary)
  An orc zombie (Ossuary)
  13 rats
  A rat zombie (Ossuary)
192 creatures vanquished.

Notes
Turn   | Place    | Note
-------+----------+-------------------------------------------
     0 | D:5      | Armakuni the Human Delver began the quest for the Orb.
     0 | D:5      | Reached XP level 1. HP: 18/18 MP: 1/1
   251 | D:3      | Reached XP level 2. HP: 23/24 MP: 2/2
   273 | D:3      | Found a glowing drain.
   291 | Sewer    | Entered a sewer
   432 | Sewer    | Noticed a kobold brigand
   446 | Sewer    | Killed a kobold brigand
   447 | Sewer    | Reached XP level 3. HP: 20/29 MP: 3/3
   447 | Sewer    | Reached XP level 4. HP: 24/35 MP: 4/4
   692 | Sewer    | Identified a scroll of acquirement
   692 | Sewer    | Acquired the ring "Zamehen" {Ice Drain Will+ Str+7 SInv
                  | Stlth-}
   766 | D:3      | Reached XP level 5. HP: 40/41 MP: 5/5
   798 | D:3      | Reached skill level 5 in Maces & Flails
   989 | D:3      | Noticed Sigmund
   996 | D:3      | Gained mutation: Potions are less effective at restoring
                  | your health. [potion of mutation]
   996 | D:3      | Gained mutation: You are partially covered in large bone
                  | plates. (SH +4) [potion of mutation]
  1918 | D:2      | Noticed Robin
  1947 | D:2      | Killed Robin
  2215 | D:2      | Found a faded altar of an unknown god.
  2778 | D:2      | Found a glowing silver altar of Zin.
  2788 | D:2      | Reached XP level 6. HP: 42/48 MP: 6/6
  3079 | D:3      | Learned a level 2 spell: Blink
  3543 | D:3      | Killed Sigmund
  3544 | D:3      | Reached skill level 5 in Fighting
  3544 | D:3      | Reached skill level 1 in Armour
  3544 | D:3      | Reached XP level 7. HP: 56/56 MP: 7/7
  3694 | D:4      | Reached skill level 1 in Polearms
  3823 | D:4      | Reached skill level 2 in Polearms
  3950 | D:4      | Reached skill level 3 in Polearms
  4532 | D:5      | Found a staircase to the Ecumenical Temple.
  4544 | Temple   | Entered the Ecumenical Temple
  4587 | Temple   | Became a worshipper of Elyvilon the Healer
  4607 | D:5      | Found a glowing golden altar of the Shining One.
  4609 | D:5      | Found a burning altar of Makhleb.
  4657 | D:5      | Found a shadowy altar of Dithmenos.
  4659 | D:5      | Fell from the grace of Elyvilon
  4659 | D:5      | Became a worshipper of the Shining One
  4660 | D:5      | Found an opulent altar of Gozag.
  5009 | D:5      | Reached skill level 4 in Polearms
  5106 | D:6      | Reached XP level 8. HP: 62/62 MP: 8/8
  5139 | D:6      | Reached skill level 5 in Polearms
  5202 | D:6      | Reached skill level 6 in Polearms
  5538 | D:6      | Noticed Edmund
  5540 | D:6      | Killed Edmund
  5541 | D:6      | Reached skill level 7 in Polearms
  5747 | D:7      | Reached XP level 9. HP: 46/68 MP: 9/9
  5780 | D:7      | Found an ancient bone altar of Kikubaaqudgha.
  5788 | D:6      | Reached skill level 8 in Polearms
  6012 | D:7      | Reached * piety under the Shining One
  6014 | D:7      | Reached skill level 9 in Polearms
  6025 | D:7      | Acquired a manual of Conjurations
  6100 | D:7      | Found a shimmering altar of Xom.
  6286 | D:7      | Found a sacrificial altar of Ru.
  6457 | D:8      | Noticed a hornet
  6462 | D:8      | Killed a hornet
  6507 | D:8      | Found a sand-covered staircase.
  6519 | Ossuary  | Entered an ossuary
  6530 | Ossuary  | HP: 2/68 [human zombie (2)]
  6543 | Ossuary  | Reached ** piety under the Shining One
  6555 | Ossuary  | Slain by a mummy

Illustrated notes

Levels and vault maps discovered:
D:1:      psy_arrival_conway, layout_basic
D:2:      layout_basic, dreamdust_ecumenical_altar_angels_and_demons,
          basic_altar, uniq_robin
D:3:      layout_basic, gup_sewer_entry_spiral, uniq_sigmund
D:4:      layout_loops_ring
D:5:      layout_basic, nicolae_overflow_hidden_temple, temple_green
D:6:      layout_loops_ring, uniq_edmund
D:7:      layout_rooms, nicolae_ru_great_annihilating_truth,
          mainiacjoe_overflow_boulevard, xom_butterflies
D:8:      kennysheep_steamy, layout_basic, nicolae_hepliaklqana_hazy_memory,
          zin_statuary, trog_wizard, nicolae_ossuary_entry_monument,
          serial_shops, shop, chequers_decorated_corner
Temple:   hellmonk_temple_of_storms
Ossuary:  ossuary_minmay_tomb_2a

Skill      XL: |  1  2  3  4  5  6  7  8  9 |
---------------+----------------------------+-----
Maces & Flails | 4 5 |  5.0
Fighting       | 4 5 |  5.0
Armour         | 1 3 |  3.6
Polearms       | 4 7 9 |  9.1
Dodging        | 4 |  4.3
Stealth        | |  5.0

Action                     |  1- 3 |  4- 6 |  7- 9 || total
---------------------------+-------+-------+-------++-------
  Melee: Mace              |    51 |   228 |     4 ||   283
         Punch             |       |     2 |       ||     2
         Halberd           |       |       |   219 ||   219
  Throw: Dart              |       |     3 |       ||     3
  Evoke: Wand              |     1 |       |     1 ||     2
    Use: Scroll            |     1 |    10 |     4 ||    15
         Potion            |     1 |     8 |     3 ||    12
   Stab: Sleeping          |     4 |     8 |     3 ||    15
 Armour: Leather armour    |    10 |    27 |       ||    37
         Ring mail         |       |    32 |    75 ||   107
         Skin              |       |     3 |   103 ||   106
  Dodge: Dodged            |    40 |   120 |   177 ||   337
  Block: Other             |       |    24 |    50 ||    74

Table legend: (Time is in decaauts)
 A = Elapsed time spent in this place.
 B = Non-inter-level travel time spent in this place.
 C = Inter-level travel time spent in this place.
 D = Time resting spent in this place.
 E = Time spent auto-exploring this place.
 F = Levels seen in this place.
 G = Mean time per level.
                   A        B        C        D        E       F      G
               +--------+--------+--------+--------+--------+-----+--------+
         Total |   6819 |   6535 |    284 |    922 |   3661 |  11 |  619.9 |
       Dungeon |   6256 |   5972 |    284 |    803 |   3529 |   8 |  782.0 |
        Temple |     48 |     48 |      0 |      0 |     24 |   1 |   48.0 |
         Sewer |    461 |    461 |      0 |    119 |    108 |   1 |  461.0 |
       Ossuary |     52 |     52 |      0 |      0 |      0 |   1 |   52.0 |
               +--------+--------+--------+--------+--------+-----+--------+

Top non-repeatable levels by time:
     D:2: 1257 daAuts
     D:4: 1101 daAuts
     D:3: 956 daAuts
     D:6: 909 daAuts
     D:1: 793 daAuts
     D:5: 659 daAuts
     D:7: 507 daAuts
   Sewer: 461 daAuts
     D:8: 70 daAuts
 Ossuary: 52 daAuts
  Temple: 48 daAuts
